 Dungeon Crawl Stone Soup version 0.23-a0-143-g1adec7bb76 (webtiles) character file.

660 PikkenKukken the Chiller (level 7, -2/46 HPs)
             Began as a Merfolk Ice Elementalist on Sept 6, 2018.
             Was a Follower of Zin.
             Slain by a hornet zombie (9 damage)
             ... on level 5 of the Dungeon.
             The game lasted 00:21:01 (5261 turns).

PikkenKukken the Chiller (Merfolk Ice Elementalist) Turns: 5261, Time: 00:21:02

Health: -2/46      AC:  8    Str:  9    XL:     7   Next: 56%
Magic:  9/14       EV: 13    Int: 21    God:    Zin [*.....]
Gold:   78         SH:  3    Dex: 14    Spells: 5/15 levels left

rFire    . . .     SeeInvis .   u - +0 spear
rCold    . . .     Gourm    .   (no shield)
rNeg     . . .     Faith    .   a - +1 robe
rPois    .         Spirit   .   (no helmet)
rElec    .         Reflect  +   (no cloak)
rCorr    .         Harm     .   s - +1 pair of gloves of Limitation {MR+}
MR       +....                  h - +2 pair of boots
Stlth    ++........             j - +3 amulet of reflection
HPRegen  0.15/turn              b - +5 ring of intelligence
MPRegen  0.14/turn              (no ring)

@: no status effects
A: change form in water, swift swim, stealthy swim
a: Recite, Donate Gold, Renounce Religion


You were on level 5 of the Dungeon.
You worshipped Zin.
Zin was aware of your devotion.
You were not hungry.

You visited 2 branches of the dungeon, and saw 6 of its levels.

You collected 140 gold pieces.
You donated 62 gold pieces to Zin.

Inventory:

Hand Weapons
 p - a +0 lajatang
 u - a +0 spear (weapon)
Armour
 a - a +1 robe (worn)
 h - a +2 pair of boots (worn)
 s - the +1 pair of gloves of Limitation (worn) {MR+}
   (You found it on level 4 of the Dungeon)

   It affects your resistance to hostile enchantments.
Jewellery
 b - a +5 ring of intelligence (left hand)
 g - a +1 ring of protection {unknown}
 j - a +3 amulet of reflection (around neck)
Scrolls
 i - a scroll of remove curse
 m - a scroll of teleportation
 o - a scroll of identify
 r - a scroll of amnesia
Potions
 d - 4 potions of curing
 e - 3 potions of lignification
 f - a potion of resistance
 k - a potion of heal wounds {unknown}
 l - a potion of brilliance {unknown}
 n - a potion of degeneration {unknown}
 q - a potion of invisibility {unknown}
 t - a potion of flight {unknown}
 v - a potion of agility {unknown}
Comestibles
 c - 10 rations


   Skills:
 + Level 1.5 Polearms
 - Level 2.6 Dodging
 - Level 2.1 Stealth
 + Level 4.7 Spellcasting
 - Level 0.7 Conjurations
 * Level 3.8 Summonings
 + Level 6.1 Ice Magic


You had 5 spell levels left.
You knew the following spells:

 Your Spells              Type           Power        Failure   Level  Hunger
a - Freeze                Ice            ####         1%          1    None
b - Throw Frost           Conj/Ice       ###...       4%          2    #......
c - Ozocubu's Armour      Chrm/Ice       ###.....     10%         3    ##.....
d - Summon Ice Beast      Ice/Summ       ####....     14%         4    ####...

Your spell library contained the following spells:

 Spells                   Type           Power        Failure   Level  Hunger
 Summon Small Mammal      Summ           ###.         2%          1    None
 Animate Skeleton         Necr           N/A          11%         1    None
 Apportation              Tloc           #.....       11%         1    None
 Confusing Touch          Hex            #.....       11%         1    None
 Sandblast                Erth           #.....       11%         1    None
 Throw Icicle             Conj/Ice       ###.....     26%         4    ####...


Dungeon Overview and Level Annotations

Branches:
Dungeon (5/15)             Temple (1/1) D:4

Altars:
Ashenzari
Cheibriados
Elyvilon
Gozag
Hepliaklqana
Kikubaaqudgha
Makhleb
Okawaru
Qazlal
Ru
Sif Muna
Trog
Uskayaw
Vehumet
Xom
Yredelemnul
Zin
The Shining One

Annotations:
D:5 Prince Ribbit


Message History

You barely miss Prince Ribbit.
Prince Ribbit is lightly wounded.
The hound completely misses you. The hornet zombie hits you.
* * * LOW HITPOINT WARNING * * *
Prince Ribbit blinks!
Your ice beast hits the hornet zombie.
Your ice beast freezes the hornet zombie.
The hornet zombie resists.
Your icy armour cracks and falls away as you move.
The hornet zombie hits you but does no damage.
The hound closely misses you.
Your ice beast hits the hornet zombie but does no damage.
The hornet zombie barely misses you.
Found a fuming silvery potion.
Your ice beast completely misses the hornet zombie.
The hound bites you but does no damage.
Unknown command.
You closely miss the hound.
The hound is heavily wounded.
The hornet zombie hits you!
You die...

...#.#### #.......#
.....##.# .####
##.####.# #.##!.
##.####.# #.##.##
..#.....# #%....
##.###..# #.##.#
##.# #..#####.##.#
...#
#..........@####..
####
##.......YZhh.....#
#######..........#
#.#..#####.#
#.#.F... #.....###
###...$. #.#.###
#.#.#


You could see Prince Ribbit, a howler monkey, a hound, a hornet zombie and a
friendly ice beast.

Vanquished Creatures
  Eustachio (D:4)
  An ogre (D:4)
  A bullfrog (D:2)
  A scorpion (D:4)
  A hound (D:5)
  2 orc wizards (D:4)
  An iguana (D:4)
  A worker ant (D:4)
  4 adders
  2 gnolls (D:4)
  An ooze (D:2)
  An adder zombie (D:5)
  2 adder skeletons (D:4)
  7 worms
  A dart slug (D:4)
  5 leopard geckos
  8 orcs
  4 giant cockroaches
  8 goblins
  10 hobgoblins
  3 jackals (D:3)
  4 quokkas
  2 ball pythons
  7 bats
  3 frilled lizards
  12 kobolds
  A rat (D:1)
94 creatures vanquished.

Vanquished Creatures (collateral kills)
  A bullfrog skeleton (D:4)
  A centaur skeleton (D:4)
  A gnoll (D:4)
  2 hobgoblins (D:4)
  2 kobolds (D:4)
7 creatures vanquished.

Grand Total: 101 creatures vanquished

Notes
Turn   | Place    | Note
-------+----------+-------------------------------------------
     0 | D:1      | PikkenKukken the Merfolk Ice Elementalist began the quest
                  | for the Orb.
     0 | D:1      | Reached XP level 1. HP: 13/13 MP: 3/3
   167 | D:1      | Reached XP level 2. HP: 19/19 MP: 1/5
   171 | D:1      | Learned a level 2 spell: Throw Frost
  1108 | D:2      | Reached XP level 3. HP: 24/24 MP: 3/6
  1142 | D:2      | Learned a level 3 spell: Ozocubu's Armour
  1213 | D:2      | Reached skill level 4 in Ice Magic
  1666 | D:2      | Noticed a bullfrog
  1672 | D:2      | Killed a bullfrog
  1672 | D:2      | Reached XP level 4. HP: 19/30 MP: 2/9
  1870 | D:2      | Reached XP level 5. HP: 31/35 MP: 7/10
  1979 | D:2      | Reached skill level 5 in Ice Magic
  2571 | D:3      | Found a hazy altar of Hepliaklqana.
  2571 | D:3      | Found an ancient bone altar of Kikubaaqudgha.
  2571 | D:3      | Found a white marble altar of Elyvilon.
  2572 | D:3      | Found an iron altar of Okawaru.
  2576 | D:3      | Found a snail-covered altar of Cheibriados.
  2744 | D:3      | Found a shimmering altar of Xom.
  2903 | D:3      | Learned a level 4 spell: Summon Ice Beast
  3162 | D:4      | Reached skill level 1 in Summonings
  3258 | D:4      | Reached XP level 6. HP: 20/41 MP: 5/12
  3434 | D:4      | Found a staircase to the Ecumenical Temple.
  3447 | Temple   | Entered the Ecumenical Temple
  3526 | Temple   | Became a worshipper of Zin the Law-Giver
  3526 | Temple   | Reached * piety under Zin
  3530 | Temple   | Donated 48 gold pieces to Zin
  3591 | D:4      | Found a deep blue altar of Sif Muna.
  3900 | D:4      | Found a basalt altar of Yredelemnul.
  4035 | D:4      | Noticed Eustachio
  4055 | D:4      | Killed Eustachio
  4055 | D:4      | Reached XP level 7. HP: 32/46 MP: 1/13
  4402 | D:4      | Reached skill level 6 in Ice Magic
  4431 | D:4      | Got a pair of encrusted gloves
  4437 | D:4      | Identified the +1 pair of gloves of Limitation {MR+} (You
                  | found it on level 4 of the Dungeon)
  4811 | D:4      | Reached skill level 1 in Polearms
  5015 | D:4      | Identified Sif Muna's Disquisition on Clay
  5018 | D:5      | Entered Level 5 of the Dungeon
  5243 | D:5      | Noticed Prince Ribbit
  5261 | D:5      | Slain by a hornet zombie

Vault maps used:
D:1:      minmay_arrival_semitransparent, minmay_misc_feat_secret_circle,
          minmay_door_square, st_stairs_5
D:2:      first_ration
D:3:      nicolae_overflow_crystal_walls, minitemple
D:4:      corexii_shantytown, led_sif_book, kennysheep_mini,
          minmay_temple_entry_poolview, uniq_eustachio
D:5:      uniq_prince_ribbit1
Temple:   jpeg_temple_clearing

Skill      XL: |  1  2  3  4  5  6  7 |
---------------+----------------------+-----
Ice Magic      | 4 5 6 |  6.1
Spellcasting   | 3 4 |  4.7
Summonings     | 1 3 |  3.8
Polearms       | 1 |  1.5
Dodging        | |  2.6
Stealth        | |  2.1
Conjurations   | |  0.7

Action                   |  1- 3 |  4- 6 |  7- 9 || total
-------------------------+-------+-------+-------++-------
Melee: Unarmed           |       |    28 |     1 ||    29
       Spear             |       |       |    86 ||    86
       Lajatang          |       |       |    70 ||    70
 Cast: Freeze            |    36 |    70 |    15 ||   121
       Throw Frost       |    11 |     5 |       ||    16
       Ozocubu's Armour  |     1 |     2 |     1 ||     4
       Summon Ice Beast  |       |     7 |     2 ||     9
Invok: Donate Gold       |       |     1 |       ||     1
  Use: Scroll            |     5 |     6 |     1 ||    12
 Stab: Sleeping          |       |       |     5 ||     5
  Eat: Chunk             |     3 |     9 |     1 ||    13
       Ration            |       |       |     1 ||     1
Armor: Robe              |     3 |    26 |    56 ||    85
Dodge: Dodged            |    21 |    69 |   138 ||   228
Block: Other             |       |     5 |    20 ||    25
       Reflection        |       |       |     1 ||     1

Table legend:
 A = Non-vault XP
 B = Vault XP
 C = Vault XP percentage of total XP
 D = Non-vault monster count
 E = Vault monster count
 F = Vault count percentage of total count
                 A         B        C        D         E       F
            +---------+---------+-------+---------+---------+-------
      Total |     631 |     313 |  33.2 |      70 |      31 |  30.7
            +---------+---------+-------+---------+---------+-------
        D:1 |      25 |       4 |  13.8 |      15 |       2 |  11.8
        D:2 |     170 |       0 |   0.0 |      18 |       0 |   0.0
        D:3 |      53 |       0 |   0.0 |      18 |       0 |   0.0
        D:4 |     335 |     309 |  48.0 |      17 |      29 |  63.0
        D:5 |      48 |       0 |   0.0 |       2 |       0 |   0.0
            +---------+---------+-------+---------+---------+-------
